 Dungeon Crawl Stone Soup version 0.26-a0-1181-gd376ed14c5 (webtiles) character file.

Game seed: 17352710919046958362

5191 HoaS the Grappler (level 10, -12/83 HPs)
             Began as a Ghoul Gladiator on Dec 26, 2020.
             Was a Priest of Makhleb.
             Mangled by an orc warrior
             ... wielding a +0 war axe
              (17 damage)
             ... in a bailey.
             The game lasted 00:16:40 (7391 turns).

HoaS the Grappler (Ghoul Gladiator)                 Turns: 7391, Time: 00:16:41

Health: -12/83     AC: 15    Str: 28    XL:     10   Next: 60%
Magic:  9/9        EV: 14    Int:  3    God:    Makhleb [***...]
Gold:   489        SH:  0    Dex: 16    Spells: 9/9 levels left

rFire    . . .     SeeInvis .     - Unarmed
rCold    + . .     Faith    .   (no shield)
rNeg     + + +     Spirit   .   y - +3 scale mail
rPois    ∞         Reflect  .   b - +1 helmet
rElec    .         Harm     .   q - +0 cloak
rCorr    .         Rampage  .   (no gloves)
Will     .....                  e - +1 pair of boots
Stlth    ..........             (no amulet)
HPRegen  0.00/turn              r - +6 ring of strength
MPRegen  0.11/turn              u - +6 ring of dexterity

@: hasted, very quick
A: claws 1, cold resistance 1, negative energy resistance 3, inhibited
regeneration, torment resistance, unbreathing
a: Renounce Religion, Minor Destruction, Lesser Servant of Makhleb


You were in a bailey.
You worshipped Makhleb.
Makhleb was most pleased with you.
You visited 2 branches of the dungeon, and saw 10 of its levels.
You also visited: Bailey.

You collected 489 gold pieces.

Inventory:

Missiles
 a - 21 boomerangs
 c - 5 throwing nets (quivered)
 v - 40 poisoned darts
 w - 5 atropa-tipped darts
Armour
 b - a +1 helmet (worn)
 e - a +1 pair of boots (worn)
 p - a +0 plate armour
 q - a +0 cloak (worn)
 y - a +3 scale mail (worn)
Jewellery
 g - an uncursed ring of fire
 r - a +6 ring of strength (left claw)
 u - a +6 ring of dexterity (right claw)
Wands
 j - a wand of disintegration (7)
 n - a wand of paralysis (15)
 t - a wand of acid (11)
 A - a wand of polymorph (6)
Scrolls
 d - 4 scrolls of identify
 h - 4 scrolls of teleportation
 m - a scroll of fog
 o - 2 scrolls of remove curse
 s - a scroll of blinking
Potions
 i - 2 potions of attraction
 k - 4 potions of flight
 l - 4 potions of curing
 x - 2 potions of resistance


   Skills:
 + Level 5.8 Fighting
 - Level 1.7 Throwing
 + Level 4.2 Armour
 + Level 5.2 Dodging
 * Level 13.8 Unarmed Combat


You had 9 spell levels left.
You didn't know any spells.
Your spell library was empty.

Dungeon Overview and Level Annotations

Branches:
Dungeon (9/15)             Temple (1/1) D:6          Bailey (1/1)
   Lair: D:8-11         Orc: D:9-12

Altars:
Ashenzari
Cheibriados
Dithmenos
Elyvilon
Fedhas
Gozag
Hepliaklqana
Kikubaaqudgha
Makhleb
Nemelex Xobeh
Okawaru
Qazlal
Ru
Sif Muna
Trog
Uskayaw
Vehumet
Wu Jian
Xom
Yredelemnul
Zin
The Shining One
Jiyva

Shops:
D:5 *


Innate Abilities, Weirdness & Mutations

You thrive by killing the living.
You are immune to poison.
You have sharp fingernails.
Your flesh is cold resistant. (rC+)
You are immune to negative energy. (rN+++)
You do not regenerate when monsters are visible.
You are immune to unholy pain and torment.
You can survive without breathing.


Message History

You feel much better. The orc warrior barely misses you.
The hobgoblin hits you but does no damage.
You feel yourself speed up.
The orc knight hits you with a +0 broad axe!
The orc warrior hits you with a +0 war axe!
The orc warrior hits you with a +0 hand axe!!
* * * LOW HITPOINT WARNING * * *
You feel much better.
The hobgoblin hits you but does no damage.
The orc knight closely misses you.
The orc warrior hits you with a +0 war axe!!
* * * LOW HITPOINT WARNING * * *
You feel much better.
The orc warrior hits you with a +0 hand axe!!
* * * LOW HITPOINT WARNING * * *
The hobgoblin misses you.
You mangle the orc knight!! Your claw misses the orc knight.
The orc knight is moderately wounded.
The orc warrior hits you with a +0 war axe!
You die...

o.g.....### ♣♣♣♣
#'#.### ♣♣♣...
###.....###♣.....
##....)....##.....
..8##.
#...........#.....
..8#.
#...........'..... ...o
#.....⌠.....'..∩.∩ ..8
#oo......)..').... ..
#@go........#..... .
### ###o...)....##.....
###.###
###.###.)...###♣.....
#.....###
###.....#'#.### ♣♣♣♣..
........###.........###
♣♣♣
..).o....#.....o.....#
.........#...g..o....#
...⌠..o..#.....⌠.....#
.....)..)o..o)....)..#


You could see an orc knight, 3 orc warriors and a hobgoblin.

Vanquished Creatures
  Joseph (D:7)
  A hornet (D:8)
  A wyvern (D:8)
  Grum (D:8)
  The ghost of loralnil the Firebug, an amateur DrFE (D:4)
  A water moccasin (D:6)
  6 orc warriors
  An ice beast (D:7)
  5 ogres
  3 phantoms
  2 wolves (D:8)
  A centaur (D:7)
  A big kobold (D:8)
  A bullfrog (D:7)
  A gnoll sergeant (D:8)
  2 scorpions (D:5)
  A howler monkey (D:8)
  13 wights
  A centaur zombie (D:6)
  A bullfrog zombie (D:7)
  5 hounds
  4 orc priests
  3 jellies
  2 centaur skeletons
  13 orc wizards
  2 bullfrog skeletons
  Terence (D:2)
  2 iguanas
  7 worker ants
  2 hound skeletons
  A worker ant zombie (D:5)
  Robin (D:1)
  20 gnolls
  8 adders
  A howler monkey simulacrum (D:4)
  3 white imps
  2 worker ant simulacra (D:4)
  An ooze (D:6)
  An adder zombie (D:6)
  5 worms
  3 dart slugs
  5 leopard geckos
  42 orcs
  5 bats
  8 giant cockroaches
  22 hobgoblins
  15 jackals
  15 kobolds
  9 quokkas
  A ball python (D:1)
  6 frilled lizards
  31 goblins
  A jackal simulacrum (D:4)
  A jackal zombie (D:8)
  A leopard gecko simulacrum (D:4)
  A leopard gecko skeleton (D:5)
  A leopard gecko zombie (D:8)
  A quokka simulacrum (D:4)
  8 rats
305 creatures vanquished.

Notes
Turn   | Place    | Note
-------+----------+-------------------------------------------
     0 | D:1      | HoaS the Ghoul Gladiator began the quest for the Orb.
     0 | D:1      | Reached XP level 1. HP: 17/17 MP: 0/0
   125 | D:1      | Reached XP level 2. HP: 21/24 MP: 1/1
   160 | D:1      | Reached skill level 4 in Unarmed Combat
   491 | D:1      | Reached XP level 3. HP: 29/29 MP: 2/2
  1049 | D:2      | Noticed Robin
  1068 | D:1      | Reached skill level 5 in Unarmed Combat
  1094 | D:1      | Reached XP level 4. HP: 23/36 MP: 3/3
  1191 | D:1      | Killed Robin
  1272 | D:2      | Found a shadowy altar of Dithmenos.
  1355 | D:2      | Noticed Terence
  1383 | D:2      | Reached skill level 6 in Unarmed Combat
  1397 | D:2      | Killed Terence
  1398 | D:2      | Reached XP level 5. HP: 41/41 MP: 4/4
  1421 | D:2      | Found a snail-covered altar of Cheibriados.
  1446 | D:2      | Found a sparkling altar of Nemelex Xobeh.
  1852 | D:3      | Reached skill level 7 in Unarmed Combat
  1852 | D:3      | Reached XP level 6. HP: 48/48 MP: 5/5
  1982 | D:3      | Found a faded altar of an unknown god.
  2308 | D:4      | Found a runed translucent gate.
  2308 | D:4      | Found a runed translucent gate.
  2308 | D:4      | Found a runed translucent gate.
  2345 | D:4      | Noticed loralnil's ghost (amateur DrFE)
  2448 | D:4      | Reached skill level 8 in Unarmed Combat
  2795 | D:4      | Found a hide-covered altar of Uskayaw.
  2813 | D:4      | Found an iron altar of Okawaru.
  2839 | D:4      | Reached XP level 7. HP: 55/55 MP: 6/6
  3121 | D:4      | Killed loralnil's ghost
  3122 | D:4      | Reached skill level 9 in Unarmed Combat
  3316 | D:5      | Entered Level 5 of the Dungeon
  3405 | D:5      | Found an iron altar of Okawaru.
  3460 | D:5      | Reached skill level 10 in Unarmed Combat
  3513 | D:5      | Reached XP level 8. HP: 54/61 MP: 7/7
  3652 | D:5      | Reached skill level 11 in Unarmed Combat
  3661 | D:5      | Found a sacrificial altar of Ru.
  3913 | D:5      | Found Caisi's General Store.
  4037 | D:5      | Found an opulent altar of Gozag.
  4329 | D:6      | Reached skill level 12 in Unarmed Combat
  4341 | D:6      | Reached XP level 9. HP: 37/68 MP: 8/8
  4345 | D:6      | Reached skill level 1 in Armour
  4646 | D:6      | Found a staircase to the Ecumenical Temple.
  4664 | Temple   | Entered the Ecumenical Temple
  4795 | Temple   | Became a worshipper of Makhleb the Destroyer
  5298 | D:6      | Found an ornate altar of the Wu Jian Council.
  5702 | D:7      | Reached * piety under Makhleb
  5926 | D:7      | Found Qiugoivvau's Magic Scroll Shoppe.
  5939 | D:7      | Noticed Joseph
  5952 | D:7      | Killed Joseph
  5953 | D:7      | Reached skill level 13 in Unarmed Combat
  5953 | D:7      | Reached XP level 10. HP: 68/80 MP: 9/9
  5984 | D:7      | Found a stormy altar of Qazlal.
  6190 | D:8      | Reached skill level 5 in Fighting
  6229 | D:8      | Found a shimmering blue altar of Sif Muna.
  6268 | D:8      | Reached ** piety under Makhleb
  6319 | D:8      | Noticed Grum
  6327 | D:8      | Killed Grum
  6345 | D:8      | Found a glowing golden altar of the Shining One.
  6345 | D:8      | Found a white marble altar of Elyvilon.
  6346 | D:8      | Found a glowing silver altar of Zin.
  6429 | D:8      | Reached skill level 5 in Dodging
  7035 | D:9      | Found a flagged portal.
  7057 | Bailey   | Entered a bailey
  7302 | Bailey   | Reached *** piety under Makhleb
  7349 | Bailey   | Noticed an orc knight
  7389 | Bailey   | HP: 2/83 [orc warrior/+0 war axe (26)]
  7391 | Bailey   | Mangled by an orc warrior

Illustrated notes

Levels and vault maps discovered:
D:1:      dpeg_arrival_yet_another_circle, layout_basic
D:2:      layout_rooms, old_standard_altar, nemelex_xobeh_ov_fountains_minmay,
          grunt_dithmenos_smoke_and_mirrors, uniq_robin, uniq_terence
D:3:      layout_rooms, chequers_ecumenical_altar_simple
D:4:      layout_basic, nicolae_overflow_hidden_temple,
          nicolae_overflow_crystal_walls, gammafunk_ghost_icy,
          roderic_three_in_a_row
D:5:      layout_basic, general_overflow_altar, marbit_many_paths, serial_shops,
          shop, okawaru_gym_becter
D:6:      kennysheep_six_static_rooms, layout_loops_ring,
          nzn_wu_jian_council_hall, minmay_temple_entry_statues_pillars
D:7:      layout_loops_ring, nicolae_qazlal_style_of_elements, serial_shops,
          nicolae_shop_behind_doors, hangedman_decor_clover_reticule,
          uniq_joseph
D:8:      layout_loops_ring, good_gods_mini_temple, lemuel_blue_sif_altar,
          kennysheep_generic_room_7, uniq_grum
D:9:      layout_irregular_city, enter_bailey_2
Temple:   pf_slime_end_temple
Bailey:   bailey_axe_minmay_hex_keep, bailey

Skill      XL: |  1  2  3  4  5  6  7  8  9 10 |
---------------+-------------------------------+-----
Unarmed Combat | 4 5 6 7 8 10 12 13 | 13.8
Armour         | 3 4 |  4.2
Dodging        | 4 5 |  5.2
Fighting       | 4 5 |  5.8
Throwing       | |  1.7

Action                   |  1- 3 |  4- 6 |  7- 9 | 10-12 || total
-------------------------+-------+-------+-------+-------++-------
Melee: Unarmed           |   113 |   242 |   331 |   209 ||   895
       Punch             |     3 |     9 |    10 |    10 ||    32
Throw: Throwing net      |       |       |     2 |       ||     2
  Use: Scroll            |     3 |     5 |    11 |     2 ||    21
       Potion            |       |       |     1 |     6 ||     7
Armor: Leather armour    |    14 |       |       |       ||    14
       Ring mail         |    18 |    54 |       |       ||    72
       Scale mail        |       |    52 |       |    25 ||    77
       Chain mail        |       |       |    19 |       ||    19
       Plate armour      |       |       |   112 |    56 ||   168
Dodge: Dodged            |    77 |   100 |    72 |    85 ||   334

Table legend: (Time is in decaauts)
 A = Elapsed time spent in this place.
 B = Non-inter-level travel time spent in this place.
 C = Inter-level travel time spent in this place.
 D = Time resting spent in this place.
 E = Time spent auto-exploring this place.
 F = Levels seen in this place.
 G = Mean time per level.
                   A        B        C        D        E       F      G
               +--------+--------+--------+--------+--------+-----+--------+
         Total |   7214 |   6829 |    385 |    726 |   4359 |  11 |  655.8 |
       Dungeon |   6756 |   6394 |    362 |    726 |   4179 |   9 |  750.7 |
        Temple |    144 |    121 |     23 |      0 |    119 |   1 |  144.0 |
        Bailey |    312 |    312 |      0 |      0 |     61 |   1 |  312.0 |
               +--------+--------+--------+--------+--------+-----+--------+

Top non-repeatable levels by time:
     D:1: 1211 daAuts
     D:6: 1133 daAuts
     D:4: 1041 daAuts
     D:5: 846 daAuts
     D:8: 800 daAuts
     D:7: 585 daAuts
     D:3: 515 daAuts
     D:2: 506 daAuts
  Bailey: 312 daAuts
  Temple: 144 daAuts
     D:9: 116 daAuts
